 Dungeon Crawl Stone Soup version 0.19.4 (webtiles) character file.

2390 vatarom the Destroyer (level 9, -3/49 HPs)
             Began as a Deep Elf Conjurer on Feb 2, 2017.
             Was a Follower of Vehumet.
             Slain by a hornet (4 damage)
             ... on level 7 of the Dungeon.
             The game lasted 00:22:12 (8841 turns).

vatarom the Destroyer (Deep Elf Conjurer)           Turns: 8841, Time: 00:22:12

Health: -3/49      AC:  8    Str:  7    XL:     9   Next: 22%
Magic:  5/19       EV: 13    Int: 22    God:    Vehumet [*.....]
Gold:   247        SH:  0    Dex: 15    Spells: 6 memorised, 0 levels left

rFire  . . .     SeeInvis .     l - +9 staff of Olgreb {rPois}
rCold  . . .     Gourm    .     a - +1 robe
rNeg   . . .     Faith    .     (no shield)
rPois  ∞         Spirit   .     (helmet restricted)
rElec  .         Reflect  .     y - +2 cloak {MR+}
rCorr  .         Harm     .     t - +0 pair of gloves
MR     +....                    g - +0 pair of boots
Stlth  ++........               (no amulet)
                                j - ring of wizardry
                                e - ring of wizardry

@: no status effects
A: antennae 1, MP-powered wands
a: Renounce Religion


You were on level 7 of the Dungeon.
You worshipped Vehumet.
Vehumet was aware of your devotion.
You were not hungry.

You visited 2 branches of the dungeon, and saw 8 of its levels.

You collected 247 gold pieces.

Inventory:

Hand Weapons
 h - a +0 whip of electrocution
 l - the +9 staff of Olgreb (weapon) {rPois}
   (You found it on level 7 of the Dungeon)

   It protects you from poison.
 r - a +2 flail of protection
Armour
 a - a +1 robe (worn)
 g - a +0 pair of boots (worn)
 t - a +0 pair of gloves (worn)
 y - a +2 cloak of magic resistance (worn)
Magical Staves
 B - an uncursed staff of poison
Jewellery
 d - a +2 ring of dexterity
 e - a ring of wizardry (left hand)
 i - a cursed -2 ring of evasion {unknown}
 j - a ring of wizardry (right hand)
 k - an uncursed ring of flight
 p - an uncursed ring of see invisible {unknown}
 A - a +4 ring of evasion {unknown}
Wands
 n - a wand of teleportation (3/9)
Scrolls
 f - 2 scrolls of magic mapping
 m - a scroll of identify
 o - 2 scrolls of recharging
 q - 3 scrolls of remove curse
Potions
 u - 2 potions of invisibility
 w - a potion of curing
 z - a potion of brilliance
 C - a potion of flight {unknown}
Books
 b - a book of Conjurations

   Spells                             Type                      Level
   a - Magic Dart                     Conjuration                  1
   b - Searing Ray                    Conjuration                  2
   c - Dazzling Spray                 Conjuration/Hexes            3
   d - Fulminant Prism                Conjuration/Hexes            4
   e - Iskenderun's Mystic Blast      Conjuration                  4
   f - Iskenderun's Battlesphere      Conjuration/Charms           5
Comestibles
 c - 5 bread rations
 s - 3 chunks of flesh
 x - 2 meat rations


   Skills:
 + Level 2.5 Fighting
 - Level 2.4 Dodging
 - Level 2.4 Stealth
 - Level 5.5 Spellcasting
 * Level 11.5 Conjurations
 + Level 7.9 Charms


You couldn't memorise any spells.
You knew the following spells:

 Your Spells              Type           Power        Failure   Level  Hunger
a - Magic Dart            Conj           ####         1%          1    None
b - Searing Ray           Conj           ######       1%          2    None
c - Iskenderun's Battles  Conj/Chrm      #####...     1%          5    #####..
d - Dazzling Spray        Conj/Hex       ####..       1%          3    ##.....
e - Fulminant Prism       Conj/Hex       ####......   3%          4    ####...
f - Iskenderun's Mystic   Conj           ######..     1%          4    ####...


Dungeon Overview and Level Annotations

Branches:
Dungeon (7/15)             Temple (1/1) D:6

Altars:
Ashenzari
Cheibriados
Dithmenos
Fedhas
Gozag
Hepliaklqana
Kikubaaqudgha
Makhleb
Nemelex Xobeh
Okawaru
Qazlal
Ru
Sif Muna
Trog
Uskayaw
Vehumet
Xom
Yredelemnul
Zin
The Shining One

Shops:
D:4 [

Annotations:
D:4 yogakurto's ghost, amateur SpAs


Innate Abilities, Weirdness & Mutations

You have a pair of small antennae on your head.
You expend magic power (3 MP) to strengthen your wands.


Message History

Aiming: Magic Dart
Press: ? - help, Shift-Dir - straight line, f/p - hornet
Aim: a hornet (heavily wounded)
The magic dart hits the hornet.
The hornet is heavily wounded.
Your battlesphere fires!
The barrage of energy hits the hornet.
The hornet is almost dead.
Okay, then.
Nothing appears to happen.
The hornet stings you. x2
Unknown command.
The orc warrior hits you with a short sword!!
Okay, then.
Evoke which item? (* to show all) (? for menu, Esc to quit)
Okay, then.
Okay, then.
You feel better. The hornet stings you. The hornet stings you!
* * * LOW HITPOINT WARNING * * *
Nothing appears to happen.
The hornet stings you.
You die...

># #....##.........#
###....##.........##
#....##..........# .
#(.###..........##
.. ### #..........#
... #####..#####
....
##..#######)....
##.*.oo........
##...@y........
#..##########..
##..# #..## ##..#
#..## ##..# #..##
#####.##


You could see a hornet, an orc warrior, an orc and a friendly battlesphere.

Vanquished Creatures
  A spriggan (D:7)
  Edmund (D:5)
  An orc warrior (D:6)
  An ice beast (D:5)
  2 phantoms
  A sky beast (D:3)
  A centaur (D:6)
  An ogre (D:6)
  A big kobold (D:7)
  A wyvern zombie (D:6)
  3 bullfrogs
  2 scorpions
  2 howler monkeys
  2 crimson imps (D:4)
  5 hounds
  A gnoll shaman (D:4)
  An orc priest (D:6)
  Crazy Yiuf (D:5)
  A bullfrog skeleton (D:7)
  5 orc wizards
  3 iguanas
  5 worker ants
  8 gnolls
  11 adders
  2 shadow imps
  An ooze (D:4)
  An adder skeleton (D:4)
  6 worms
  A dart slug (D:3)
  2 leopard geckos
  16 orcs
  10 bats
  9 giant cockroaches
  6 goblins
  9 hobgoblins
  14 jackals
  13 kobolds
  5 quokkas
  2 ball pythons
  2 frilled lizards
  A jackal zombie (D:5)
  A quokka skeleton (D:6)
  11 rats
173 creatures vanquished.

Notes
Turn   | Place    | Note
-------+----------+-------------------------------------------
     0 | D:1      | vatarom the Deep Elf Conjurer began the quest for the Orb.
     0 | D:1      | Reached XP level 1. HP: 10/10 MP: 6/6
   240 | D:1      | Reached XP level 2. HP: 15/15 MP: 4/8
   390 | D:1      | Reached skill level 5 in Conjurations
   652 | D:2      | Learned a level 2 spell: Searing Ray
   936 | D:2      | Reached XP level 3. HP: 19/19 MP: 5/9
  1450 | D:2      | Noticed a moth of wrath
  1457 | D:2      | Found a bloodstained altar of Trog.
  1533 | D:2      | Reached skill level 6 in Conjurations
  1786 | D:3      | Reached XP level 4. HP: 24/24 MP: 2/10
  2135 | D:3      | Found an iron altar of Okawaru.
  2457 | D:3      | Reached skill level 7 in Conjurations
  2457 | D:3      | Reached XP level 5. HP: 2/28 MP: 5/11
  2782 | D:3      | Noticed a phantom
  2792 | D:3      | Killed a phantom
  2881 | D:3      | Reached skill level 8 in Conjurations
  2881 | D:3      | Reached XP level 6. HP: 29/32 MP: 5/12
  2911 | D:3      | Learned a level 5 spell: Iskenderun's Battlesphere
  3054 | D:3      | Noticed a sky beast
  3118 | D:3      | Reached skill level 1 in Charms
  3126 | D:3      | Killed a sky beast
  4100 | D:4      | Reached XP level 7. HP: 36/36 MP: 2/13
  4421 | D:4      | Reached skill level 9 in Conjurations
  4467 | D:4      | Noticed yogakurto's ghost (amateur SpAs)
  4929 | D:4      | Found an opulent altar of Gozag.
  4944 | D:4      | Gained mutation: You expend magic power (3 MP) to strengthen your wands. [potion of mutation]
  4944 | D:4      | Gained mutation: You have a pair of small antennae on your head. [potion of mutation]
  5143 | D:4      | Found Beil's Armour Shop.
  5169 | D:5      | Entered Level 5 of the Dungeon
  5482 | D:5      | Reached skill level 5 in Charms
  5580 | D:5      | Found a runed door.
  5693 | D:5      | Noticed Edmund
  5728 | D:5      | Killed Edmund
  5728 | D:5      | Reached skill level 5 in Spellcasting
  5728 | D:5      | Reached XP level 8. HP: 30/41 MP: 0/17
  5833 | D:5      | Learned a level 3 spell: Dazzling Spray
  5838 | D:5      | Learned a level 4 spell: Fulminant Prism
  5865 | D:5      | Reached skill level 10 in Conjurations
  6387 | D:5      | Noticed Crazy Yiuf
  6391 | D:5      | Killed Crazy Yiuf
  6714 | D:6      | Found a staircase to the Ecumenical Temple.
  6829 | Temple   | Entered the Ecumenical Temple
  6840 | Temple   | Became a worshipper of Vehumet
  6960 | D:6      | Reached skill level 1 in Fighting
  8006 | D:7      | Reached skill level 11 in Conjurations
  8045 | D:7      | Reached XP level 9. HP: 39/48 MP: 11/19
  8326 | D:7      | Found a stormy altar of Qazlal.
  8431 | D:7      | Learned a level 4 spell: Iskenderun's Mystic Blast
  8456 | D:7      | Reached * piety under Vehumet
  8456 | D:7      | Offered knowledge of Sting by Vehumet.
  8840 | D:7      | HP: 1/49 [hornet (16)]
  8841 | D:7      | Slain by a hornet

Skill      XL: |  1  2  3  4  5  6  7  8 |
---------------+-------------------------+-----
Conjurations   | 5 6 7 8 9 11 | 11.5
Charms         | 3 5 7 |  7.9
Spellcasting   | 5 |  5.5
Fighting       | 2 |  2.5
Dodging        | |  2.4
Stealth        | |  2.4

Action                   |  1- 3 |  4- 6 |  7- 9 || total
-------------------------+-------+-------+-------++-------
Melee: Club              |     6 |       |       ||     6
       Unarmed           |     2 |       |       ||     2
       Dagger            |     6 |       |       ||     6
       War axe           |     7 |     6 |       ||    13
       Whip              |       |     9 |     7 ||    16
       Flail             |       |       |     6 ||     6
 Cast: Magic Dart        |    72 |    68 |   175 ||   315
       Searing Ray       |     3 |     6 |     1 ||    10
       Iskenderun's Batt |       |     9 |    53 ||    62
       Dazzling Spray    |       |       |     4 ||     4
Evoke: Staff of Olgreb   |       |       |    11 ||    11
  Use: Scroll            |    10 |     1 |     7 ||    18
       Potion            |       |     2 |     8 ||    10
 Stab: Sleeping          |     1 |       |       ||     1
  Eat: Bread ration      |     1 |     1 |     3 ||     5
       Beef jerky        |       |     3 |       ||     3
       Chunk             |       |       |    11 ||    11
       Fruit             |       |       |     3 ||     3
       Meat ration       |       |       |     1 ||     1
Armor: Robe              |     8 |    38 |     7 ||    53
Dodge: Dodged            |    26 |    87 |    33 ||   146
